 Dungeon Crawl Stone Soup version 0.27-a0-1278-g6cbc8dfb29 (webtiles) character file.

Game seed: 18096748614799288527

2071 polve the Agent of Entropy (level 9, -1/69 HPs)
             Began as a Demonspawn Abyssal Knight on June 12, 2021.
             Was a Priest of Lugonu.
             Killed from afar by an orc wizard (4 damage)
             ... with a puff of flame
             ... on level 7 of the Dungeon.
             The game lasted 00:07:51 (9929 turns).

polve the Agent of Entropy (DsAK)                   Turns: 9929, Time: 00:07:52

Health: -1/69      AC: 12    Str: 16    XL:     9   Next: 5%
Magic:  0/15       EV:  7    Int: 13    God:    Lugonu [***...]
Gold:   400        SH:  0    Dex: 13    Spells: 7/8 levels left

rFire    + . .     SeeInvis .   a - +0 rapier
rCold    . . .     Faith    .   (no shield)
rNeg     . . .     Spirit   +   i - +0 chain mail
rPois    +         Reflect  .   (no helmet)
rElec    .         Harm     .   s - scarf {repulsion}
rCorr    .         Rampage  .   (no gloves)
Will     .....                  (no boots)
Stlth    ..........             r - amulet of guardian spirit
HPRegen  0.21/turn              w - ring of poison resistance
MPRegen  0.14/turn              (no ring)

@: repel missiles
A: talons 2, icy blue scales 1, demonic magic 1, fire resistance 1, MP-powered
wands
a: Renounce Religion, Depart the Abyss, Bend Space, Banish


You were on level 7 of the Dungeon.
You worshipped Lugonu.
Lugonu was most pleased with you.
You visited 1 branch of the dungeon, and saw 8 of its levels.
You visited the Abyss 1 time.

You collected 400 gold pieces.

Inventory:

Hand Weapons
 a - a +0 rapier (weapon)
 t - a +0 broad axe
Missiles
 e - 8 atropa-tipped darts
Armour
 i - a +0 chain mail (worn)
 s - a scarf of repulsion (worn)
Jewellery
 r - an amulet of guardian spirit (around neck)
 w - a ring of poison resistance (left hand)
Wands
 d - a wand of digging (3)
 k - a wand of iceblast (7)
 p - a wand of flame (19)
 v - a wand of mindburst (10)
Scrolls
 b - a scroll of teleportation {unknown}
 c - 2 scrolls of fear {unknown}
 f - a scroll of identify {unknown}
 g - 2 scrolls of noise {unknown}
 h - 2 scrolls of enchant armour {unknown}
 j - a scroll of immolation {unknown}
 l - 2 scrolls of magic mapping {unknown}
 q - 2 scrolls of fog {unknown}
 u - 2 scrolls of amnesia {unknown}


   Skills:
 - Level 6.0 Fighting
 - Level 4.0 Short Blades
 - Level 6.0 Armour
 - Level 2.0 Dodging
 * Level 3.8 Hexes
 + Level 8.4 Invocations


You had 7 spell levels left.
You knew the following spells:

 Your Spells              Type           Power      Damage    Failure   Level
a - Corona                Hex            11%        N/A       65%         1

Your spell library contained the following spells:

 Spells                   Type           Power      Damage    Failure   Level
 Slow                     Hex            10%        N/A       80%         2
 Confusing Touch          Hex            10%        N/A       95%         3
 Inner Flame              Hex/Fire       5%         N/A       99%         3
 Portal Projectile        Hex/Tloc       10%        N/A       99%         3
 Gell's Gravitas          Tloc           0%         N/A       100%        3
 Cause Fear               Hex            5%         N/A       100%        4
 Leda's Liquefaction      Hex/Erth       2%         N/A       100%        4
 Petrify                  Tmut/Erth      0%         N/A       100%        4
 Metabolic Englaciation   Hex/Ice        2%         N/A       100%        5
 Yara's Violent Unravell  Hex/Tmut       2%         3d3       100%        5


Dungeon Overview and Level Annotations

Branches:
Dungeon (8/15)             Temple (0/1) D:6
   Lair: D:8-11

Altars:
Fedhas

Shops:
D:2 !(


Innate Abilities, Weirdness & Mutations

You have razor-sharp toenails.
You are partially covered in icy blue scales. (AC +2)
Spells you cast may paralyse adjacent enemies.
Your flesh is heat resistant. (rF+)
You expend magic power (3 MP) to strengthen your wands.


Message History

The orc is heavily wounded.
The orc hits you but does no damage. The orc hits you with a +0 flail.
* * * LOW HITPOINT WARNING * * *
The orc wizard gestures at you while chanting.
The magic dart hits you but does no damage.
The kobold hits you but does no damage.
You hit the orc.
You kill the orc!
Lugonu accepts your kill. The orc hits you with a +0 club.
* * * LOW HITPOINT WARNING * * *
The orc wizard hits you but does no damage.
The kobold hits you but does no damage.
You hit the orc wizard. You claw the orc wizard.
The orc wizard is severely wounded.
The orc closely misses you.
The orc wizard hits you with a +0 dagger.
* * * LOW HITPOINT WARNING * * *
The kobold hits you with a +0 dagger.
* * * LOW HITPOINT WARNING * * *
You hit the orc. You claw the orc, but do no damage.
The orc is heavily wounded.
The orc hits you with a +0 club.
* * * LOW HITPOINT WARNING * * *
The orc wizard hits you but does no damage.
The kobold hits you but does no damage.
You closely miss the orc wizard.
The orc wizard is severely wounded.
The orc hits you but does no damage.
The orc wizard points at you and mumbles some strange words.
The puff of flame hits you. You resist.
* * * LOW HITPOINT WARNING * * *
The kobold hits you but does no damage.
You hit the orc wizard.
The orc wizard is almost dead.
The orc hits you with a +0 club.
* * * LOW HITPOINT WARNING * * *
The orc wizard points at you and mumbles some strange words.
The puff of flame hits you. You resist.
You die...

....#.#.### #...##.#........##
........### #....###........##
...#......###.#...##.).......#
###....#.#.#...#...(......#
......##...........รท.........
......##.#.#............#....
.........#.##........####...#
...........K#.........o###.##
...........)@............###
#.......#..oo#....[...#....#
##.......#.#..#...###...##
.....#.......#...o.#.o.##
....##.............o{...# ....
.............##...## ..
...###....##.####.## ... .....
### ### .#..#


You could see an orc wizard, an orc and a kobold.

Vanquished Creatures
  A wyvern (D:8)
  A black bear (D:8)
  An ice beast (D:5)
  An ogre (D:4)
  A phantom (D:7)
  2 centaurs (D:8)
  2 bullfrogs (D:8)
  A gnoll sergeant (D:8)
  4 scorpions (D:5)
  A water moccasin skeleton (D:5)
  A howler monkey (D:8)
  3 wights (D:8)
  A jelly (D:5)
  A centaur zombie (D:5)
  A centaur skeleton (D:7)
  2 orc priests
  3 bullfrog skeletons
  3 hounds
  3 iguanas
  3 orc wizards
  A hound skeleton (D:5)
  A howler monkey zombie (D:6)
  4 gnolls (D:8)
  2 howler monkey skeletons
  6 adders
  A worm (D:2)
  A dart slug (D:2)
  18 orcs
  3 ball pythons
  4 bats
  5 endoplasms
  2 giant cockroaches
  6 hobgoblins
  4 jackals
  7 kobolds
  3 quokkas
  A frilled lizard (D:2)
  A goblin (D:2)
106 creatures vanquished.

Vanquished Creatures (others)
  A gnoll (D:8)
  An orc (D:7)
2 creatures vanquished.

Grand Total: 108 creatures vanquished

Notes
Turn   | Place    | Note
-------+----------+-------------------------------------------
     0 | Abyss:1  | polve the Demonspawn Abyssal Knight began the quest for the
                  | Orb.
     0 | Abyss:1  | Reached XP level 1. HP: 18/18 MP: 2/2
    91 | Abyss:1  | Noticed a ynoxinul
   106 | Abyss:1  | Noticed a titan simulacrum
   122 | D:1      | Escaped the Abyss
   712 | D:1      | Reached * piety under Lugonu
   713 | D:1      | Gained mutation: You are partially covered in icy blue
                  | scales. (AC +2) [demonic ancestry]
   713 | D:1      | Reached XP level 2. HP: 24/24 MP: 3/3
  1759 | D:2      | Reached XP level 3. HP: 22/29 MP: 4/4
  2526 | D:2      | Found Joink's Antique Weapon Shoppe.
  2735 | D:2      | Found Ifaxt's Distillery.
  3217 | D:3      | Reached XP level 4. HP: 33/35 MP: 5/5
  3595 | D:4      | Noticed an ogre
  3613 | D:4      | Killed an ogre
  3614 | D:4      | Gained mutation: You have sharp toenails. [demonic
                  | ancestry]
  3614 | D:4      | Reached XP level 5. HP: 43/43 MP: 6/6
  3697 | D:4      | Reached ** piety under Lugonu
  4107 | D:4      | Reached skill level 5 in Fighting
  4598 | D:5      | Entered Level 5 of the Dungeon
  4637 | D:5      | Reached XP level 6. HP: 17/52 MP: 7/7
  5135 | D:5      | Reached skill level 1 in Dodging
  5599 | D:5      | Gained mutation: Spells you cast may paralyse adjacent
                  | enemies. [demonic ancestry]
  5599 | D:5      | Reached XP level 7. HP: 52/58 MP: 8/8
  5621 | D:5      | Gained mutation: You evolve. [potion of mutation]
  5621 | D:5      | Gained mutation: Your flesh is heat resistant. (rF+)
                  | [potion of mutation]
  6672 | D:5      | Gained mutation: You expend magic power (3 MP) to
                  | strengthen your wands. [evolution]
  6863 | D:5      | Reached skill level 5 in Armour
  7332 | D:6      | Noticed a kobold demonologist
  7345 | D:6      | Noticed a red devil
  7383 | D:5      | Lost mutation: You evolve. [end of evolution]
  7534 | D:6      | HP: 1/58 [something (2)]
  7698 | D:6      | Found a staircase to the Ecumenical Temple.
  7887 | D:6      | Reached XP level 8. HP: 64/64 MP: 9/9
  7948 | D:6      | You fall into a shaft and drop 2 floors!
  7968 | D:8      | Reached skill level 3 in Invocations
  8040 | D:8      | Found a blossoming altar of Fedhas.
  8074 | D:8      | Reached skill level 5 in Invocations
  8419 | D:8      | Reached *** piety under Lugonu
  8462 | D:8      | Reached skill level 6 in Invocations
  8826 | D:8      | Reached skill level 7 in Invocations
  8862 | D:8      | Learned a level 1 spell: Corona
  9159 | D:8      | Reached skill level 1 in Hexes
  9329 | D:8      | Reached skill level 8 in Invocations
  9851 | D:7      | Gained mutation: You have razor-sharp toenails. [demonic
                  | ancestry]
  9851 | D:7      | Reached XP level 9. HP: 50/69 MP: 10/15
  9893 | D:6      | Noticed a kobold demonologist
  9929 | D:7      | HP: 3/69 [orc (2)]
  9929 | D:7      | Killed from afar by an orc wizard

Illustrated notes

Levels and vault maps discovered:
D:1:      dpeg_arrival_lava_altar, layout_basic
D:2:      layout_basic, serial_shops, shop, shop
D:3:      layout_basic
D:4:      layout_basic, nrook_uturn, amcnicky_mini_pool_small
D:5:      layout_gridville, skrybe_limestone_x
D:6:      layout_layer_cave, minmay_temple_entry_slanted
D:7:      layout_cave_pools, uniq_joseph
D:8:      layout_loops_ring, fedhas_altar_2, lemuel_flame_loot_1

Skill      XL: |  1  2  3  4  5  6  7  8 |
---------------+-------------------------+-----
Short Blades   | 2 3 4 |  4.0
Fighting       | 4 5 6 |  6.0
Armour         | 2 5 6 |  6.0
Dodging        | 2 |  2.0
Invocations    | 8 |  8.4
Hexes          | 3 |  3.8

Action                   |  1- 3 |  4- 6 |  7- 9 || total
-------------------------+-------+-------+-------++-------
Melee: Short sword       |   136 |   143 |    68 ||   347
       Kick              |       |    28 |   107 ||   135
       Rapier            |       |       |   267 ||   267
       Unarmed           |       |       |    27 ||    27
Invok: Depart the Abyss  |     1 |       |       ||     1
       Bend Space        |       |       |     2 ||     2
       Banish            |       |       |     1 ||     1
  Use: Potion            |       |       |     8 ||     8
 Stab: Sleeping          |       |     1 |       ||     1
       Invisible         |       |       |     2 ||     2
Armor: Leather armour    |    48 |    43 |    26 ||   117
       Chain mail        |       |       |   220 ||   220
       Skin              |       |       |    40 ||    40
Dodge: Dodged            |    88 |    80 |   158 ||   326

Table legend: (Time is in decaauts)
 A = Elapsed time spent in this place.
 B = Non-inter-level travel time spent in this place.
 C = Inter-level travel time spent in this place.
 D = Time resting spent in this place.
 E = Time spent auto-exploring this place.
 F = Levels seen in this place.
 G = Mean time per level.
                   A        B        C        D        E       F      G
               +--------+--------+--------+--------+--------+-----+--------+
         Total |   9900 |   9484 |    416 |      0 |   8260 |   9 | 1100.0 |
       Dungeon |   9778 |   9362 |    416 |      0 |   8169 |   8 | 1222.2 |
         Abyss |    122 |    122 |      0 |      0 |     91 |   1 |  122.0 |
               +--------+--------+--------+--------+--------+-----+--------+

Top non-repeatable levels by time:
     D:5: 2539 daAuts
     D:8: 1569 daAuts
     D:1: 1462 daAuts
     D:2: 1371 daAuts
     D:4: 1304 daAuts
     D:3: 590 daAuts
     D:6: 530 daAuts
     D:7: 409 daAuts
 Abyss:1: 122 daAuts
